 Dungeon Crawl Stone Soup version 0.23.2 (webtiles) character file.

Game seed: 16240754474744833759

222 Fang the Skirmisher (level 5, 0/34 HPs)
             Began as a Gargoyle Berserker on Apr 2, 2019.
             Was a Believer of Trog.
             Slain by an orc wizard
             ... wielding a +0 dagger
              (1 damage)
             ... on level 3 of the Dungeon.
             The game lasted 00:01:56 (2481 turns).

Fang the Skirmisher (Gargoyle Berserker)            Turns: 2481, Time: 00:01:56

Health: 0/34       AC: 13    Str: 21    XL:     5   Next: 99%
Magic:  5/5        EV: 10    Int:  8    God:    Trog [**....]
Gold:   110        SH:  0    Dex:  6    Spells: 4/4 levels left

rFire    + . .     SeeInvis .   t - +0 war axe
rCold    . . .     Gourm    .   (no shield)
rNeg     + . .     Faith    .   b - +0 scale mail
rPois    ∞         Spirit   .   q - +1 hat
rElec    +         Reflect  .   (no cloak)
rCorr    .         Harm     .   m - +0 pair of gloves (curse)
MR       .....                  (no boots)
Stlth    ..........             (no amulet)
HPRegen  0.11/turn              i - ring of protection from fire
MPRegen  0.09/turn              s - -3 ring of dexterity (curse)

@: no status effects
A: negative energy resistance 1, electricity resistance, unbreathing,
petrification resistance, rot immunity, AC +4
a: Berserk, Trog's Hand, Renounce Religion


You were on level 3 of the Dungeon.
You worshipped Trog.
Trog was pleased with you.
You were not hungry.

You visited 1 branch of the dungeon, and saw 3 of its levels.

You collected 110 gold pieces.

Inventory:

Hand Weapons
 t - a +0 war axe (weapon)
Armour
 b - a +0 scale mail (worn)
 m - a cursed +0 pair of gloves (worn)
 q - a +1 hat (worn)
Jewellery
 i - a ring of protection from fire (left hand)
 s - a cursed -3 ring of dexterity (right hand)
Scrolls
 d - a scroll of noise {unknown}
 e - a scroll of immolation {unknown}
 f - 2 scrolls of amnesia {unknown}
 g - a scroll of magic mapping {unknown}
 j - a scroll of fog {unknown}
 n - a scroll of identify {unknown}
 p - 2 scrolls of teleportation {unknown}
Potions
 h - a potion of haste {unknown}
 k - a potion of brilliance {unknown}
 l - 2 potions of flight {unknown}
 o - a potion of heal wounds {unknown}
 r - a potion of curing {unknown}
Comestibles
 a - 3 chunks of flesh
 c - 6 rations


   Skills:
 + Level 4.5 Fighting
 + Level 3.7 Axes
 + Level 3.7 Armour
 + Level 2.7 Dodging


You had 4 spell levels left.
You didn't know any spells.
Your spell library was empty.

Dungeon Overview and Level Annotations

Branches:
Dungeon (3/15)

Altars:
Fedhas


Innate Abilities, Weirdness & Mutations

You are resistant to torment.
Your stone body is resilient. (AC +4)
You are immune to poison.
You resist negative energy. (rN+)
You are resistant to electric shocks. (rElec)
You can survive without breathing.
You are immune to petrification.
You are immune to rotting.


Message History

The orc wizard hits you but does no damage.
The rat bites you but does no damage.
The orc wizard gestures wildly while chanting.
The orc wizard blinks!
You slash the rat!
You kill the rat!
Trog accepts your kill.
You swing at nothing.
The orc wizard casts a spell at you. The magic dart hits you!
* * * LOW HITPOINT WARNING * * *
You barely miss the orc wizard. The orc wizard casts a spell at you.
The magic dart hits you but does no damage.
The orc wizard casts a spell at you. The magic dart hits you.
* * * LOW HITPOINT WARNING * * *
You hit the orc wizard.
The orc wizard hits you with a +0 dagger.
You die...

##.# #.# #.# #.#
. #.# ####..
#.##.....
..#####.#..>#
............####
..####).@†......
#.))o.......
...........####
.......<....#
..$.........#
............#
......#######
######


You could see an orc wizard.

Vanquished Creatures
  Jessica (D:2)
  Terence (D:2)
  8 gnolls
  4 adders
  2 oozes (D:1)
  2 worms (D:2)
  A dart slug (D:2)
  4 orcs (D:3)
  A ball python (D:3)
  A giant cockroach (D:3)
  4 goblins
  2 hobgoblins
  9 kobolds
  4 bats
  2 frilled lizards
  3 rats
49 creatures vanquished.

Notes
Turn   | Place    | Note
-------+----------+-------------------------------------------
     0 | D:1      | Fang the Gargoyle Berserker began the quest for the Orb.
     0 | D:1      | Reached XP level 1. HP: 14/14 MP: 1/1
   139 | D:1      | Reached XP level 2. HP: 19/19 MP: 2/2
   538 | D:2      | Noticed Terence
   553 | D:2      | Killed Terence
   553 | D:2      | Reached XP level 3. HP: 24/24 MP: 3/3
  1045 | D:2      | Reached XP level 4. HP: 29/29 MP: 4/4
  1072 | D:2      | Noticed Jessica
  1082 | D:2      | Reached skill level 4 in Fighting
  1093 | D:2      | Killed Jessica
  1093 | D:2      | Reached XP level 5. HP: 10/33 MP: 5/5
  1954 | D:2      | Reached ** piety under Trog
  2014 | D:2      | Found a blossoming altar of Fedhas.
  2480 | D:3      | HP: 1/34 [orc wizard/magic dart (5)]
  2481 | D:3      | Slain by an orc wizard

Skill      XL: |  1  2  3  4 |
---------------+-------------+-----
Axes           | 3 |  3.7
Dodging        | 2 |  2.7
Armour         | 3 |  3.7
Fighting       | 4 |  4.5

Action                   |  1- 3 |  4- 6 || total
-------------------------+-------+-------++-------
Melee: Hand axe          |    71 |    46 ||   117
       War axe           |       |    54 ||    54
Invok: Berserk           |     1 |     1 ||     2
  Eat: Chunk             |     1 |     6 ||     7
Armor: Scale mail        |    22 |    85 ||   107
Dodge: Dodged            |    40 |   100 ||   140
